 Dungeon Crawl Stone Soup version 0.27-a0-1181-g5f64966fcc (webtiles) character file.

Game seed: 17310093958069487715

81 streetpizza the Ducker (level 4, -4/34 HPs)
             Began as a Djinni Gladiator on May 17, 2021.
             Slain by a wyvern skeleton (14 damage)
             ... on level 3 of the Dungeon.
             The game lasted 00:04:20 (2177 turns).

streetpizza the Ducker (Djinni Gladiator)           Turns: 2177, Time: 00:04:20

Health: -4/34      AC:  4    Str: 13    XL:     4   Next: 68%
Gold:   176        EV: 13    Int: 10    God:
                   SH:  0    Dex: 15

rFire    + + .     SeeInvis .   a - +0 long sword
rCold    x . .     Faith    .   (no shield)
rNeg     . . .     Spirit   .   b - +0 leather armour
rPois    ∞         Reflect  .   c - +0 helmet
rElec    .         Harm     .   (no cloak)
rCorr    .         Rampage  .   (no gloves)
Will     .....                  (boots unavailable)
Stlth    +.........             (no amulet)
HPRegen  0.11/turn              (no ring)
MPRegen  0.00/turn              (no ring)

@: confused, ambrosia-drunk, flying
A: sickness immunity, fire resistance 2, cold vulnerability 1, float, innate
caster, hp casting, extra vitality 1
a: no special abilities


You were on level 3 of the Dungeon.
You visited 1 branch of the dungeon, and saw 3 of its levels.

You collected 176 gold pieces.

Inventory:

Hand Weapons
 a - a +0 long sword (weapon)
Missiles
 d - 3 throwing nets (quivered)
Armour
 b - a +0 leather armour (worn)
 c - a +0 helmet (worn)
 i - a +0 buckler
Jewellery
 h - an amulet of reflection
 j - an amulet of faith
 l - a ring of see invisible
Scrolls
 m - a scroll of enchant armour {unknown}
 n - a scroll of brand weapon {unknown}
 o - 3 scrolls of silence {unknown}
 q - a scroll of identify {unknown}
 r - a scroll of noise {unknown}
Potions
 f - a potion of mutation {unknown}
 g - a potion of brilliance {unknown}
 k - a potion of curing {unknown}
 p - a potion of berserk rage {unknown}


   Skills:
 + Level 2.8 Fighting
 + Level 3.2 Long Blades
 - Level 1.5 Throwing
 + Level 4.0 Dodging
 + Level 1.2 Spellcasting


You had 4 spell levels left.
You knew the following spells:

 Your Spells              Type           Power      Damage    Failure   Level
a - Sting                 Tmut/Pois      12%        1d3       26%         1
Your spell library was empty.

Dungeon Overview and Level Annotations

Branches:
Dungeon (3/15)

Altars:


Innate Abilities, Weirdness & Mutations

You are immune to sickness and miasma.
You are immune to poison.
Your flesh is very heat resistant. (rF++)
You are vulnerable to cold. (rC-)
You float through the air rather than walking.
You learn spells naturally, not from books.
Your magical power is your life essence.
You have superior vitality. (+4 HP)


Message History

You now have 176 gold pieces (gained 1).
Found a stone staircase leading down.
A wyvern skeleton comes into view.
A kobold comes into view. It is wielding a +0 club.
You slash the wyvern skeleton!
The wyvern skeleton is moderately damaged.
The wyvern skeleton barely misses you.
You riposte.
You hit the wyvern skeleton.
The wyvern skeleton is moderately damaged.
You barely miss the wyvern skeleton.
The wyvern skeleton is moderately damaged.
The wyvern skeleton closely misses you.
The wyvern skeleton bites you but does no damage.
You slash the wyvern skeleton!
The wyvern skeleton is heavily damaged.
The wyvern skeleton barely misses you.
Your leather armour prevents you from hitting the wyvern skeleton.
The wyvern skeleton is heavily damaged.
The wyvern skeleton bites you but does no damage.
The wyvern skeleton bites you.
You hit the wyvern skeleton.
The wyvern skeleton is severely damaged.
The wyvern skeleton completely misses you.
The wyvern skeleton bites you!
You hit the wyvern skeleton.
The wyvern skeleton is severely damaged.
The wyvern skeleton bites you!
* * * LOW HITPOINT WARNING * * *
You hit the wyvern skeleton but do no damage.
The wyvern skeleton is severely damaged.
The wyvern skeleton bites you.
* * * LOW HITPOINT WARNING * * *
The wyvern skeleton closely misses you.
You riposte.
You hit the wyvern skeleton.
The wyvern skeleton is severely damaged.
It was a potion of ambrosia.
You are confused.
You feel invigorated. The wyvern skeleton closely misses you.
You bump into the rock wall.
The wyvern skeleton bites you!
You die...

####..# #.....#
#.....## #......#
#......## #....#..# #
######..##
#.##############..#
#.......Z@.......>#
#......################
#...... ######K #. ##


You could see a wyvern skeleton.

Vanquished Creatures
  Natasha (D:3)
  An adder (D:3)
  A worm (D:2)
  An orc (D:3)
  4 endoplasms
  2 goblins (D:1)
  4 hobgoblins
  5 kobolds
  2 quokkas (D:2)
  6 ball pythons
  7 bats
  7 frilled lizards
  7 rats
48 creatures vanquished.

Notes
Turn   | Place    | Note
-------+----------+-------------------------------------------
     0 | D:1      | streetpizza the Djinni Gladiator began the quest for the
                  | Orb.
     0 | D:1      | Reached XP level 1. HP: 18/18 MP: 0/0
   313 | D:1      | Reached XP level 2. HP: 20/23 MP: 0/0
   880 | D:1      | Reached XP level 3. HP: 29/29 MP: 0/0
   880 | D:1      | Learned a level 1 spell: Sting
  1959 | D:3      | Reached skill level 1 in Spellcasting
  1959 | D:3      | Reached XP level 4. HP: 34/34 MP: 0/0
  2065 | D:3      | Found a faded altar of an unknown god.
  2068 | D:3      | Noticed Natasha
  2076 | D:3      | Killed Natasha
  2083 | D:3      | Reached skill level 4 in Dodging
  2177 | D:3      | Slain by a wyvern skeleton

Illustrated notes

Levels and vault maps discovered:
D:1:      matt_arrival_spirals, layout_loops_ring
D:2:      layout_loops_cross, minmay_misc_feat_alley
D:3:      layout_basic, doesnt_xom_only_xom,
          nicolae_dithmenos_through_a_glass_darkly,
          hellmonk_ecumenical_altar_pennies_from_heaven, uniq_grinder,
          uniq_natasha

Skill      XL: |  1  2  3  4 |
---------------+-------------+-----
Long Blades    | 3 |  3.2
Spellcasting   | 1 |  1.2
Dodging        | 4 |  4.0
Fighting       | |  2.8
Throwing       | |  1.5

Action                   |  1- 3 |  4- 6 || total
-------------------------+-------+-------++-------
Melee: Long sword        |   109 |    25 ||   134
  Use: Potion            |       |     1 ||     1
 Stab: Sleeping          |     3 |       ||     3
       Distracted        |       |     1 ||     1
Armor: Leather armour    |    45 |     9 ||    54
Dodge: Dodged            |    90 |    14 ||   104
       Rpst.: Long sword |    31 |     6 ||    37

Table legend: (Time is in decaauts)
 A = Elapsed time spent in this place.
 B = Non-inter-level travel time spent in this place.
 C = Inter-level travel time spent in this place.
 D = Time resting spent in this place.
 E = Time spent auto-exploring this place.
 F = Levels seen in this place.
 G = Mean time per level.
                   A        B        C        D        E       F      G
               +--------+--------+--------+--------+--------+-----+--------+
         Total |   2210 |   2160 |     50 |      0 |   1726 |   3 |  736.7 |
       Dungeon |   2210 |   2160 |     50 |      0 |   1726 |   3 |  736.7 |
               +--------+--------+--------+--------+--------+-----+--------+

Top non-repeatable levels by time:
     D:1: 1154 daAuts
     D:2: 818 daAuts
     D:3: 237 daAuts
